 Dungeon Crawl Stone Soup version 0.17.1-2-g5865329 (webtiles) character file.

61 ololoev the Covered (level 3, 0/43 HPs)
             Began as a Demonspawn Fighter on Jan 25, 2016.
             Slain by a gnoll (5 damage)
             ... on level 2 of the Dungeon.
             The game lasted 00:01:45 (258 turns).

ololoev the Covered (Demonspawn Fighter)             Turns: 258, Time: 00:01:46

Health: 0/43       AC: 21    Str: 17    XL:     3   Next: 83%
Magic:  3/3        EV:  2    Int:  9    God:
Gold:   42         SH:  8    Dex: 11    Spells: 0 memorised, 2 levels left

rFire  . . .     SeeInvis .     a - +0 war axe
rCold  . . .     Clarity  .     (armour currently unavailable)
rNeg   + + +     SustAt   .     c - +0 shield
rPois  +         Gourm    .     (helmet currently unavailable)
rElec  .         Spirit   .     (cloak currently unavailable)
rCorr  .         Warding  .     (gloves currently unavailable)
rMut   .         NoTele   +     (boots currently unavailable)
MR     .....                    (no amulet)
Stlth  +.........               (no ring)
                                (no ring)

@: tree-form, not resistant to hostile enchantments, very unstealthy
A: rough black scales 1, rot immunity
a: no special abilities


Innate Abilities, Weirdness & Mutations

(You are partially covered in rough black scales (AC +4, Dex -1).)
You are immune to rotting.

Inventory:

Hand Weapons
 a - a +0 war axe (weapon)
Armour
 b - a +0 scale mail (melded)
 c - a +0 shield (worn)
 m - a +2 hat (melded)
Scrolls
 h - a scroll of magic mapping {unknown}
 i - a scroll of random uselessness {unknown}
 k - a scroll of teleportation {unknown}
 l - a scroll of fear {unknown}
Potions
 f - a potion of flight {unknown}
 g - a potion of heal wounds {unknown}
Comestibles
 d - a chunk of flesh
 e - a bread ration


   Skills:
 - Level 3.0 Fighting
 * Level 3.1 Axes
 + Level 3.4 Armour
 - Level 2.6 Shields


You had 2 spell levels left.
You didn't know any spells.


You were on level 2 of the Dungeon.
You were not hungry.
You were a tree.
You visited 1 branch of the dungeon, and saw 2 of its levels.

You collected 42 gold pieces.

....# ###.# ...........#
###.## ..........#
.....# .........# .....#
........# .....#
...<...# .....#
.?....###
###.############lg......
#............#♣#......
#..........[.....#
##.#########.#...# #.#
#.#.#.# ####.# #.#...#
.....# ....... .....#
......#. .....#
#......#.. .....#
#......# ..

Notes
Turn   | Place    | Note
--------------------------------------------------------------
     0 | D:1      | ololoev the Demonspawn Fighter began the quest for the Orb.
     0 | D:1      | Reached XP level 1. HP: 18/18 MP: 1/1
   109 | D:2      | Gained mutation: You are partially covered in rough black scales (AC +4, Dex -1). [demonic ancestry]
   109 | D:2      | Reached XP level 2. HP: 16/24 MP: 2/2
   182 | D:2      | Noticed Ijyb
   194 | D:2      | Killed Ijyb
   194 | D:2      | Gained mutation: You are immune to rotting. [demonic ancestry]
   194 | D:2      | Reached XP level 3. HP: 21/29 MP: 3/3
   258 | D:2      | Slain by a gnoll

Dungeon Overview and Level Annotations

Branches:
Dungeon (2/15)

Altars:


Message History

You are too injured to fight recklessly!
Unknown command.
You hit the gnoll.
The gnoll is moderately wounded.
You hit the gnoll but do no damage.
The gnoll is severely wounded.
The gnoll barely misses you. The gnoll hits you.
Unknown command.
You hit the gnoll.
The gnoll is severely wounded.
You hit the gnoll.
The gnoll is almost dead.
The gnoll closely misses you. The gnoll hits you but does no damage.
The giant newt hisses menacingly.
The gnoll hits you. The gnoll hits you with a flail!
Drink which item? (? for menu, Esc to quit)
It was a potion of lignification.
You turn into a tree.
Your +2 hat melds into your body.
Your +0 scale mail melds into your body.
Your roots penetrate the ground.
The gnoll hits you but does no damage.
You hit the gnoll.
The gnoll is severely wounded.
You slash the gnoll!
You kill the gnoll!
Your Axes skill increases to level 3!
The gnoll hits you but does no damage.
Unknown command.
You barely miss the gnoll.
The gnoll is severely wounded.
You hit the gnoll.
The gnoll is severely wounded.
The gnoll hits you but does no damage. x2
You block the gnoll's attack. The gnoll hits you but does no damage.
Unknown command.
You hit the gnoll.
You kill the gnoll!
You barely miss the gnoll.
The gnoll is severely wounded.
The gnoll hits you.
You die...

You could see a gnoll and a giant newt.

Vanquished Creatures
  Ijyb (D:2)
  2 gnolls (D:2)
  An adder (D:2)
  A bat (D:2)
  A ball python (D:2)
  2 giant newts (D:2)
  A kobold (D:2)
9 creatures vanquished.

Action                   || total
-------------------------++-------
Melee: War axe           ||    30
  Use: Potion            ||     2

Vault maps used:
D:1:      dpeg_arrival_brainrot
D:2:      old_standard_altar, old_standard_altar, minmay_bad_closet, uniq_robin,
          uniq_iyjb
